 Dungeon Crawl Stone Soup version 0.31-a0-832-g3a2c1c66ba (webtiles) character file.

Game seed: 8033000100770087368

2695235 Komishar the Wrestler (level 27, 263/263 HPs)
             Began as a Troll Monk on Sept 22, 2023.
             Was the Champion of Jiyva.
             Escaped with the Orb
             ... and 4 runes on Sept 25, 2023!
             The game lasted 07:25:39 (55758 turns).

Komishar the Wrestler (Troll Monk)                 Turns: 55758, Time: 07:25:40

Health: 263/263    AC: 34    Str: 33    XL:     27
Magic:  34/34      EV: 15    Int: 10    God:    Jiyva [******]
Gold:   2468       SH: 30    Dex: 15    Spells: 20/26 levels left

rFire   + +          .
                       - Unarmed
rCold   + . .        f - +3 tower shield
rNeg    . . .        k - +12 gold dragon scales
rPois   +            b - +2 hat
rElec   +            V - +1 cloak of Impatience {rElec rPois MP+9 Dex+2}
rCorr   +            (gloves unavailable)
SInv    .            (boots unavailable)
Will    +++++        x - brooch of Shielding {Spirit SH+8} Stlth
                     a - ring "Lylureos" {Drain +Blink rPois rC++ EV+5}
HPRegen 3.03/turn    w - ring of Moderation {Fire rPois Dex+3}
MPRegen 0.74/turn

%: guardian spirit
@: no status effects
A: large, unfitting armour, claws 3, regeneration 1, shaggy fur 1, tough skin 1,
hooves 1, horns 1, iridescent scales 1, clumsy 1, deformed body, deterioration
1, frail 1, strong-willed 3, poison resistance, electricity resistance, wild
magic 1, translucent skin 2, tendrils, jelly sensing items, jelly absorbing
missiles, cold vulnerability 1, inability to drink after injury 1, sturdy frame
2
0: Orb of Zot
}: 4/15 runes: serpentine, barnacled, slimy, silver
a: Renounce Religion, Evoke Blink, Oozemancy, Slimify


You escaped.
You worshipped Jiyva.
Jiyva was exalted by your worship.
You visited 10 branches of the dungeon, and saw 52 of its levels.
You visited the Abyss 1 time.
You also visited: Ice Cave.

You collected 8040 gold pieces.
You spent 5572 gold pieces at shops.

Inventory:

Missiles
 g - 7 throwing nets {=F}
 v - 4 curare-tipped darts {=F}
 D - 56 large rocks (quivered)
 G - 6 silver javelins
 Q - 14 javelins
Armour
 b - a +2 hat (worn)
 f - a +3 tower shield (worn)
 k - +12 gold dragon scales (worn)
 V - the +1 cloak of Impatience (worn) {rElec rPois MP+9 Dex+2}
   (You bought it in a shop on level 2 of the Orcish Mines)

   Dex+2:     It affects your dexterity (+2).
   rElec:     It insulates you from electricity.
   rPois:     It protects you from poison MP+9: It affects your magic capacity
   (+9).
Jewellery
 a - the ring "Lylureos" (left claw) {Drain +Blink rPois rC++ EV+5}
   (You found it on level 2 of the Orcish Mines)

   [ring of evasion]

   EV+5:      It affects your evasion (+5).
   rC++:      It greatly protects you from cold.
   rPois:     It protects you from poison +Blink: It lets you blink.
   Drain:     It drains your maximum health when unequipped.
 h - a ring of flight
 m - the ring "Zounulat" {Ice rN+ Str+2 Dex+3 Slay+2}
   (You took it off a deep elf annihilator on level 3 of the Elven Halls)

   [ring of ice]

   Ice:       It enhances your ice magic.
   Str+2:     It affects your strength (+2).
   Dex+3:     It affects your dexterity (+3).
   Slay+2:    It affects your accuracy & damage with ranged weapons and melee
   (+2).
   rF-:       It makes you vulnerable to fire.
   rC+:       It protects you from cold.
   rN+:       It protects you from negative energy.
 w - the ring of Moderation (right claw) {Fire rPois Dex+3}
   (You found it on level 5 of the Pits of Slime)

   [ring of fire]

   Fire:      It enhances your fire magic.
   Dex+3:     It affects your dexterity (+3).
   rF+:       It protects you from fire.
   rC-:       It makes you vulnerable to cold.
   rPois:     It protects you from poison
 x - the brooch of Shielding (around neck) {Spirit SH+8}
   (You found it on level 3 of the Dungeon)

   [amulet of guardian spirit]

   Spirit:    It causes incoming damage to be divided between your reserves of
   health and magic.
   SH+8:      It affects your SH (+8).
 X - the ring of Shadows {Umbra +Inv Stlth+}
   (You took it off a deep elf annihilator on level 3 of the Elven Halls)

   [ring of stealth]

   Umbra:     It surrounds you with an aura of shadow, increasing your stealth
   and reducing the accuracy of all others within it.
   +Inv:      It lets you turn invisible.
   Stlth+:    It makes you more stealthy.
Talismans
 J - a granite talisman
 R - a storm talisman
Wands
 d - a wand of digging (3)
 e - a wand of charming (7)
 j - a wand of light (24)
 r - a wand of roots (20)
 s - a wand of mindburst (15)
 P - a wand of polymorph (29)
Scrolls
 i - 6 scrolls of identify
 p - 2 scrolls of butterflies
 y - 10 scrolls of immolation
 B - 6 scrolls of blinking
 C - 5 scrolls of poison
 E - 7 scrolls of fear
 F - 3 scrolls of fog
 T - 15 scrolls of teleportation
 Y - 3 scrolls of revelation
Potions
 o - 5 potions of ambrosia
 q - 19 potions of curing
 u - 5 potions of mutation {!q}
 z - 7 potions of brilliance
 A - 4 potions of attraction
 H - 6 potions of haste {!q}
 I - 2 potions of invisibility
 L - 5 potions of lignification
 M - 3 potions of might
 N - 3 potions of cancellation {!q}
 S - 12 potions of enlightenment {!q}
 W - 3 potions of heal wounds {!q}
 Z - 2 potions of berserk rage {!q}
Miscellaneous
 l - a lightning rod (4/4)
 n - a phial of floods
 t - a tin of tremorstones (2/2)
 O - a box of beasts
 U - a phantom mirror


   Skills:
 - Level 20.6 Fighting
 - Level 7.0 Throwing
 + Level 13.6 Armour
 - Level 12.0 Dodging
 - Level 15.8 Shields
 - Level 23.6 Unarmed Combat
 - Level 6.0 Translocations
 - Level 6.0 Transmutations
 - Level 5.0 Invocations
 - Level 7.0 Evocations
 + Level 19.5 Shapeshifting


You had 20 spell levels left.
You knew the following spells:

 Your Spells              Type           Power      Damage    Failure   Level
b - Lesser Beckoning      Tloc           30%        N/A       58%         2
w - Wereblood             Tmut           15%        N/A       58%         2
B - Blink                 Tloc           30%        N/A       58%         2

Your spell library contained the following spells:

 Spells                   Type           Power      Damage    Failure   Level
 Momentum Strike          Conj/Tloc      14%        3d8       92%         2
 Passwall                 Tmut/Erth      5%         N/A       92%         2
 Foxfire                  Conj/Fire      0%         2x1d4     99%         1
 Kiss of Death            Conj/Necr      0%         2d5       99%         1
 Magic Dart               Conj           0%         1d3       99%         1
 Necrotise                Necr           0%         1d4       99%         1
 Sandblast                Erth           0%         2d4       99%         1
 Shock                    Conj/Air       0%         1d3       99%         1
 Volatile Blastmotes      Fire/Tloc      22%        2d11      99%         3
 Passage of Golubria      Tloc           15%        N/A       99%         4
 Cigotuvi's Dreadful Rot  Necr/Pois/Air  0%         N/A       100%        2
 Ensorcelled Hibernation  Hex/Ice        0%         N/A       100%        2
 Poisonous Vapours        Pois/Air       0%         N/A       100%        2
 Scorch                   Fire           0%         2d5       100%        2
 Confusing Touch          Hex            0%         N/A       100%        3
 Dazzling Flash           Conj/Hex       0%         N/A       100%        3
 Frozen Ramparts          Ice            0%         1d1       100%        3
 Ignite Poison            Fire/Tmut/Pois 7%         N/A       100%        3
 Inner Flame              Hex/Fire       0%         N/A       100%        3
 Mephitic Cloud           Conj/Pois/Air  0%         N/A       100%        3
 Ozocubu's Armour         Ice            0%         N/A       100%        3
 Sigil of Binding         Hex            0%         N/A       100%        3
 Stone Arrow              Conj/Erth      0%         3d7       100%        3
 Swiftness                Air            0%         N/A       100%        3
 Tukima's Dance           Hex            0%         N/A       100%        3
 Vampiric Draining        Necr           0%         2d6       100%        3
 Anguish                  Hex/Necr       0%         N/A       100%        4
 Brom's Barrelling Bould  Conj/Erth      0%         2d3       100%        4
 Cause Fear               Hex            0%         N/A       100%        4
 Dimensional Bullseye     Hex/Tloc       3%         N/A       100%        4
 Dispel Undead            Necr           0%         3d6       100%        4
 Flame Wave               Conj/Fire      0%         2d4       100%        4
 Fulminant Prism          Conj/Hex       0%         3d5       100%        4
 Iskenderun's Mystic Bla  Conj/Tloc      7%         2d4       100%        4
 Leda's Liquefaction      Hex/Erth       0%         N/A       100%        4
 Petrify                  Tmut/Erth      7%         N/A       100%        4
 Sticky Flame             Conj/Fire      0%         2d3       100%        4
 Vhi's Electric Charge    Tloc/Air       14%        N/A       100%        4
 Agony                    Necr           0%         N/A       100%        5
 Alistair's Intoxication  Tmut/Pois      4%         N/A       100%        5
 Arcjolt                  Conj/Air       0%         1d10      100%        5
 Borgnjor's Vile Clutch   Necr/Erth      0%         N/A       100%        5
 Fireball                 Conj/Fire      0%         3d3       100%        5
 Freezing Cloud           Conj/Ice/Air   0%         6-21      100%        5
 Irradiate                Conj/Tmut      3%         3d12      100%        5
 Metabolic Englaciation   Hex/Ice        0%         N/A       100%        5
 Conjure Ball Lightning   Conj/Air       0%         3x3d6     100%        6
 Death Channel            Necr           0%         N/A       100%        6
 Eringya's Noxious Bog    Tmut/Pois      3%         4d6       100%        6
 Simulacrum               Ice/Necr       0%         N/A       100%        6
 Starburst                Conj/Fire      0%         6d3       100%        6
 Summon Cactus Giant      Summ           0%         N/A       100%        6
 Haunt                    Necr/Summ      0%         N/A       100%        7
 Malign Gateway           Summ/Tloc      3%         N/A       100%        7
 Orb of Destruction       Conj           0%         9d5       100%        7
 Spellforged Servitor     Conj/Summ      0%         N/A       100%        7
 Borgnjor's Revivificati  Necr           0%         N/A       100%        8
 Lehudib's Crystal Spear  Conj/Erth      0%         10d2      100%        8
 Maxwell's Capacitive Co  Air            0%         ∞         100%        8
 Summon Horrible Things   Summ           0%         N/A       100%        8
 Death's Door             Necr           0%         N/A       100%        9
 Dragon's Call            Summ           0%         N/A       100%        9


Dungeon Overview and Level Annotations

Branches:
Dungeon (15/15)            Temple (0/1) D:5            Lair (5/5) D:11
 Shoals (4/4) Lair:3        Snake (4/4) Lair:2        Slime (5/5) Lair:5
    Orc (2/2) D:9             Elf (3/3) Orc:2        Vaults (5/5) D:14
  Crypt (0/3) Vaults:3     Depths (4/4) D:15            Zot (5/5) Depths:4
  IceCv (visited)

Altars:
Dithmenos
Fedhas
Gozag
Makhleb
Nemelex Xobeh
Okawaru
Qazlal
Sif Muna
Trog
Uskayaw
Xom
Yredelemnul
Jiyva

Shops:
D:4 [   D:11 (   D:12 (((!=   Orc:2 ?*[*   Shoals:2 *(*[   Shoals:4 *
Vaults:1 ?   Vaults:2 ((**   Depths:3 *(   Depths:4 :[=:

Portals:
Hell: Depths:1 Depths:2 Depths:3 Depths:4
Abyss: Depths:1 Depths:3
Pandemonium: Depths:2
Ziggurat: Depths:3
Trove: D:13 (give 14 scrolls of teleportation)

Annotations:
D:15 1 transporter
Shoals:3 exclusion: 2 krakens
Snake:2 Vashnia
Slime:5 Royal Jelly
Elf:2 3 runed translucent doors, exclusion: 3 doors
Vaults:1 1 runed translucent door, exclusion: door, niknal's ghost, adept TeWr


Innate Abilities, Weirdness & Mutations

You are too large for most types of armour.
You have claws for hands.
Your natural rate of healing is unusually fast.
You are covered in fur. (AC +1)
You have tough skin. (AC +1)
You have large cloven feet.
You have a pair of small horns on your head.
You are partially covered in iridescent scales. (AC +2)
You are clumsy. (Dex -2)
Armour fits poorly on your strangely shaped body.
Your body sometimes deteriorates upon taking damage.
You are frail. (-10% HP)
You are extremely strong-willed. (Will+++)
Your system is resistant to poisons. (rPois)
You are resistant to electric shocks. (rElec)
Your spells are a little harder to cast, but a little more powerful.
Your translucent skin reduces your foes' accuracy. (Stealth+)
You are covered in slimy tendrils that may disarm your opponents.
You have a small jelly attached to you that senses nearby items.
You have a small jelly attached to you that may absorb projectiles.
You are vulnerable to cold. (rC-)
You occasionally lose the ability to drink potions when taking damage.
Your movements are less encumbered by armour. (ER -4)


Message History

An Orb Guardian comes into view.
You eviscerate the Orb Guardian!!! Your kick misses the Orb Guardian.
The Orb Guardian hits you!!
You eviscerate the Orb Guardian!!!!
You kill the Orb Guardian!
There is a stone staircase leading up here.
You climb upwards.
There is a stone staircase leading down here.
HP restored.
There is a stone staircase leading up here.
You climb upwards.
There is a stone staircase leading down here.
There is an open door here.
An efreet comes into view.
It is wielding a +0 scimitar of flaming.
You eviscerate the efreet!!! You kick the efreet, but do no damage.
You headbutt the efreet.
You kill the efreet!
No target in view!
You see here a +0 scimitar of flaming.
There is a stone staircase leading up here.
You climb upwards.
There is a stone staircase leading down here.
You enter the shallow water.
You enter the shallow water.
You enter the shallow water.
There is a large open door here.
An angel comes into view. It is wielding a +1 whip of holy wrath.
There is a large open door here.
You claw the angel! Your kick misses the angel. You mangle the angel!!
Your kick misses the angel. Your headbutt misses the angel.
The angel hits you but does no damage. You block the angel's attack.
Your tendrils lash around the angel's +1 whip of holy wrath and pull it to the ground!
You barely miss the angel. Your kick misses the angel.
You headbutt the angel, but do no damage.
You block the angel's attack. x2
You mangle the angel!! You kick the angel, but do no damage.
You block the angel's attack. x2
You scratch the angel but do no damage. You kick the angel.
Your headbutt misses the angel. You block the angel's attack. x2
You scratch the angel but do no damage. Your kick misses the angel.
The angel gestures.
The angel is healed somewhat.
You eviscerate the angel!!!
You kill the angel!
An Orb Guardian comes into view.
The Orb Guardian moves out of view.
There is a large open door here.
There is a staircase leading out of the dungeon here.
You have escaped!

#......#..............#.##
#####.................#.##
#.##...........)..#.##
#.#...#...............
#####...###.#######.....##
#~~~~~~~~~~~~~~~~~~.#...##
#~..8..........8..~.#...##
#~.##############.~.#....#
#~8#.....@......#8~.####..
#~.######''######.~.....#.
#~.#............#.~#.....#
#~.#≈≈≈≈≈..≈≈≈≈≈#.~#.....#
#~.#≈≈≈≈≈X.≈§≈≈≈#.~#.....#
#~.#............#.~......#
#~.######)[######.~.######
#~.#~~~~~..~~~~~#.~.#
#~.#~..........~#.~.######


You could see an Orb Guardian.

Vanquished Creatures
  A pandemonium lord (D:12)
  5 dread liches
  3 ancient liches (Zot:5)
  6 orbs of fire
  Mennas (Depths:4)
  A juggernaut (Depths:1)
  Parghit (Depths:4)
  Boris (4 times) (Vaults:2 Vaults:4 Depths:1 Vaults:5)
  Sojobo (Vaults:3)
  11 Killer Klowns
  Saint Roka (Snake:3)
  3 curse toes
  10 golden dragons
  Jory (Vaults:2)
  Norris (Depths:3)
  A bone dragon (Depths:4)
  4 electric golems
  Jorgrun (Orc:1)
  16 tentacled monstrosities
  A hellephant (Zot:1)
  Zenata (Vaults:2)
  27 Orb Guardians
  2 deep elf blademasters
  7 liches
  Mlioglotl (Shoals:4)
  4 quicksilver dragons
  2 tentacled starspawn (Abyss:2)
  5 titans
  8 death cobs
  2 deep elf master archers (Elf:3)
  3 sphinxes
  2 Executioners
  Polyphemus (Shoals:4)
  Agnes (Snake:4)
  7 shadow dragons
  17 storm dragons
  Aizul (Shoals:4)
  A draconian monk (Zot:5)
  9 tengu reavers
  A demonspawn warmonger (D:6)
  4 draconian knights
  7 frost giants
  16 nagarajas (Snake:4)
  Ilsuiw (Shoals:4)
  5 draconian scorchers
  17 fire giants
  8 deep elf elementalists
  4 spectral caustic shrikes (Depths:4)
  3 draconian stormcallers
  2 iron dragons (Vaults:5)
  2 curse skulls (Zot:4)
  25 vault wardens
  3 ghost moths
  4 draconian shifters
  8 deep elf sorcerers
  18 ironbound preservers
  2 orc warlords
  12 stone giants
  4 draconian annihilators
  An angel (D:1)
  A juggernaut skeleton (Depths:2)
  3 war gargoyles
  23 very ugly things
  11 yellow draconians
  2 vampire knights
  9 ironbound thunderhulks
  3 deep elf demonologists
  7 deep elf annihilators
  4 red draconians
  18 dire elephants
  8 black draconians
  6 spark wasps
  7 green draconians
  9 white draconians
  The ghost of Mindmass the Destroyer, a journeyman HuCj of Vehumet (D:10)
  15 ettins
  11 purple draconians
  7 jiangshi
  The ghost of Jelor the Carver, a journeyman DrIE of Vehumet (Lair:3)
  5 deep elf death magi
  6 crystal guardians (Elf:3)
  7 merfolk impalers
  3 deep elf high priests (Elf:3)
  3 entropy weavers
  Josephine (Lair:4)
  2 merfolk javelineers (Shoals:4)
  14 yaktaur captains
  6 fire dragons
  12 ice dragons
  6 rakshasas
  9 hydras
  2 salamander tyrants (Snake:4)
  3 ogre magi
  3 peacekeepers
  2 hell beasts (Depths:3)
  3 merfolk avatars
  2 spriggan skeletons
  36 vault guards
  6 anacondas
  4 spriggan air magi
  12 centaur warriors
  2 death knights (Vaults:3)
  20 two-headed ogres
  2 death yaks (Shoals:4)
  A satyr (Shoals:3)
  3 catoblepae
  15 dancing weapons
  5 boulder beetles
  8 ironbound frosthearts
  2 merfolk aquamancers (Shoals:4)
  8 deep troll shamans
  5 deep troll earth magi
  3 alligator snapping turtles
  18 naga warriors
  A sphinx skeleton (Vaults:5)
  2 tengu warriors
  4 vampire magi
  3 spriggan berserkers (Depths:4)
  8 naga sharpshooters
  A titan zombie (Depths:2)
  8 hell knights
  5 orc high priests (Orc:2)
  3 shock serpents
  2 sun demons
  2 thrashing horrors (Abyss:2)
  13 deep elf knights
  A soul eater (Depths:3)
  2 spriggans (Depths:4)
  2 skeletal warriors (D:15)
  3 salamander mystics
  A shadow wraith (Vaults:3)
  A spatial maelstrom (Abyss:2)
  A wretched star (Abyss:2)
  9 iron trolls
  6 skysharks
  A spark wasp zombie (Depths:2)
  11 sea snakes
  48 deep trolls
  A shadow dragon zombie (Depths:2)
  6 lindwurms
  7 naga ritualists
  5 wizards
  A golden dragon skeleton (Depths:2)
  Pikel (D:7)
  8 necromancers
  29 deep elf pyromancers
  7 phantasmal warriors
  6 deep elf archers
  An obsidian statue (Zot:5)
  2 orange crystal statues (IceCv)
  11 harpies
  9 mana vipers
  A wolf spider (Lair:5)
  30 ironbound convokers
  27 deep elf zephyrmancers
  2 harpies (shapeshifter)
  12 orc knights
  An iron dragon zombie (Vaults:5)
  40 ugly things
  7 cyclopes
  A sphinx simulacrum (Depths:2)
  7 orc sorcerers
  A frost giant zombie (D:15)
  A salamander (shapeshifter) (Vaults:5)
  9 salamanders
  9 manticores
  A shadow dragon skeleton (Depths:2)
  10 fauns
  15 merfolk sirens
  2 oklob plants
  A worldbinder (Abyss:2)
  7 centaur zombies (D:10)
  7 elephants
  A fire giant skeleton (D:15)
  14 vault sentinels
  34 moths of wrath
  A rust devil (Zot:5)
  A large abomination (Abyss:2)
  27 black mambas
  4 guardian serpents
  An orange demon (Abyss:2)
  9 water nymphs
  2 gargoyles
  16 naga magi
  10 rime drakes
  2 torpor snails
  20 cane toads
  2 kobold demonologists
  4 freezing wraiths
  55 yaktaurs
  3 unseen horror zombies (D:10)
  2 anaconda simulacra (IceCv)
  An efreet (D:2)
  16 komodo dragons
  A golden dragon simulacrum (Depths:2)
  A tengu conjurer (D:13)
  A red devil (D:12)
  10 trolls
  A yaktaur skeleton (Vaults:4)
  A queen bee (shapeshifter) (Elf:2)
  A human skeleton (Vaults:4)
  32 merfolk
  A polar bear (Lair:5)
  2 alligator simulacra (IceCv)
  4 wind drakes
  2 raiju (Abyss:2)
  8 hornets
  A spriggan zombie (D:15)
  An elf zombie (Vaults:5)
  13 blink frogs
  9 dream sheep
  12 snapping turtles
  6 slime creatures (D:12)
  A stone giant simulacrum (Vaults:4)
  A flying skull (Abyss:2)
  2 shadows
  6 water elementals
  2 air elementals
  15 wyverns
  2 fire elementals (Elf:1)
  A fire bat (shapeshifter) (D:13)
  3 dire elephant simulacra (IceCv)
  4 basilisks
  A hog (shapeshifter) (D:14)
  6 wraiths
  2 steam dragons (Shoals:2)
  6 humans (Zot:1)
  3 small abominations (Abyss:2)
  12 starcursed masses (Abyss:2)
  33 yaks
  A fire bat (Abyss:2)
  6 redbacks
  2 human simulacra (Vaults:4)
  5 vampire mosquitoes
  A spatial vortex (Abyss:2)
  7 wargs
  2 acid dragons
  30 nagas
  An acid dragon (shapeshifter) (D:13)
  23 water moccasins
  4 hydra simulacra (IceCv)
  4 human zombies
  5 hell hounds (D:11)
  An ice beast (D:8)
  2 black bears
  53 orc warriors
  5 ettin simulacra (IceCv)
  A boggart (Elf:1)
  24 ogres
  28 wolves
  8 centaurs
  3 lemures (D:7)
  4 kobold brigands
  A phantom (D:6)
  12 bullfrogs
  3 earth elementals
  3 scorpions
  8 wights
  A lindwurm simulacrum (IceCv)
  14 killer bees
  5 electric eels (D:10)
  A howler monkey (D:14)
  4 lava snakes (Lair:2)
  A crimson imp (D:7)
  3 hounds
  3 quasits
  Crazy Yiuf (D:7)
  A jelly (D:6)
  A gnoll bouda (D:4)
  20 orc priests
  A sleepcap (D:7)
  4 iguanas
  27 orc wizards
  A lightning spire (Zot:3)
  A hell rat (Lair:5)
  A howler monkey zombie (D:10)
  Robin (D:3)
  6 gnolls
  7 adders
  4 shadow imps
  4 white imps
  2 ufetubi
  2 worms
  3 dart slugs
  109 orcs
  11 ball pythons
  6 bats
  9 endoplasms
  23 goblins
  7 hobgoblins
  16 kobolds
  2 quokkas
  A frilled lizard (D:3)
  8 rats
  A lurking horror (Abyss:2)
2120 creatures vanquished.

Vanquished Creatures (collateral kills)
  A ghost moth (Zot:5)
  3 flying skulls (Abyss:2)
4 creatures vanquished.

Vanquished Creatures (others)
  A curse toe (Zot:4)
  3 bone dragons (Zot:4)
  A sphinx (Vaults:1)
  An azure jelly (Elf:1)
  A storm dragon (Zot:4)
  2 fire giants
  A formless jellyfish (Shoals:4)
  A yaktaur captain (Vaults:5)
  7 great orbs of eyes
  A peacekeeper (Vaults:3)
  A hydra (shapeshifter) (Vaults:5)
  A centaur warrior (Vaults:3)
  A vampire mage (Depths:2)
  2 deep troll earth magi (Depths:1)
  5 glowing orange brains
  An iron troll (Depths:1)
  2 deep trolls (Depths:1)
  2 ironbound convokers (Vaults:1)
  2 lindwurms (Vaults:1)
  A wizard (Elf:1)
  2 deep elf pyromancers (Elf:1)
  3 harpies (Shoals:4)
  A deep elf zephyrmancer (Elf:1)
  3 shining eyes (Zot:4)
  A manticore (shapeshifter) (Vaults:5)
  A moth of wrath (Zot:4)
  A vault sentinel (Vaults:2)
  A merfolk siren (Shoals:4)
  3 yaktaurs
  A yaktaur (shapeshifter) (Vaults:5)
  A wind drake (Shoals:4)
  23 slime creatures
  A water elemental (Elf:1)
  6 golden eyes (Zot:4)
  A fire elemental (Elf:1)
  A basilisk (D:15)
  3 vampire mosquitoes (D:13)
  A floating eye (Zot:4)
  A boggart (Elf:1)
  3 centaurs
  297 jellies
  2 orc priests (Orc:2)
  An iron imp (Abyss:2)
  An orc wizard (Orc:2)
  5 orcs (Orc:2)
  A lurking horror (Abyss:2)
  6 starspawn tentacles (Abyss:2)
408 creatures vanquished.

Grand Total: 2532 creatures vanquished

Notes
Turn   | Place    | Note
-------+----------+-------------------------------------------
     0 | D:1      | Komishar the Troll Monk began the quest for the Orb.
     0 | D:1      | Reached XP level 1. HP: 22/22 MP: 0/0
   270 | D:1      | Reached XP level 2. HP: 26/29 MP: 1/1
   470 | D:1      | Reached skill level 4 in Unarmed Combat
   627 | D:2      | Reached XP level 3. HP: 36/36 MP: 2/2
   992 | D:2      | Found a faded altar of an unknown god.
   997 | D:2      | Prayed at the altar of an unknown god.
   997 | D:2      | Became a worshipper of Sif Muna the Loreminder
   997 | D:2      | Reached * piety under Sif Muna
   997 | D:2      | Reached ** piety under Sif Muna
  1400 | D:3      | Found the brooch of Shielding {Spirit SH+8}
  1470 | D:3      | Reached skill level 5 in Unarmed Combat
  1470 | D:3      | Reached XP level 4. HP: 44/44 MP: 3/3
  1473 | D:3      | Reached *** piety under Sif Muna
  1776 | D:3      | Noticed Robin
  1784 | D:3      | Killed Robin
  1796 | D:3      | Reached XP level 5. HP: 50/50 MP: 2/4
  2029 | D:4      | Found Builozao's Antique Armour Shoppe.
  2137 | D:4      | Reached skill level 6 in Unarmed Combat
  2199 | D:4      | Found a sparkling altar of Nemelex Xobeh.
  2276 | D:4      | Reached **** piety under Sif Muna
  2369 | D:4      | Reached XP level 6. HP: 59/59 MP: 5/5
  2704 | D:4      | Reached skill level 7 in Unarmed Combat
  2801 | D:5      | Entered Level 5 of the Dungeon
  2857 | D:5      | Found a staircase to the Ecumenical Temple.
  3049 | D:5      | Reached skill level 8 in Unarmed Combat
  3049 | D:5      | Reached XP level 7. HP: 66/66 MP: 6/6
  3164 | D:5      | Reached skill level 9 in Unarmed Combat
  3173 | D:5      | Reached skill level 1 in Shapeshifting
  3186 | D:5      | Found a blossoming altar of Fedhas.
  3377 | D:5      | Reached ***** piety under Sif Muna
  3378 | D:5      | Reached XP level 8. HP: 71/74 MP: 5/7
  3618 | D:6      | Identified Sif Muna's Annotations on Variation and
                  | Calefaction (Sif Muna gifted it to you on level 6 of the
                  | Dungeon)
  3618 | D:6      | Received a gift from Sif Muna
  3629 | D:6      | Learned a level 2 spell: Wereblood
  3779 | D:6      | Found an opulent altar of Gozag.
  3904 | D:7      | Found a bloodstained altar of Trog.
  3960 | D:7      | Noticed a hornet
  3964 | D:7      | Killed a hornet
  3965 | D:7      | Reached skill level 5 in Shapeshifting
  3975 | D:7      | You fall into a shaft and drop 3 floors!
  3975 | D:10     | Entered Level 10 of the Dungeon
  4203 | D:9      | Reached XP level 9. HP: 72/85 MP: 6/8
  4438 | D:7      | Paralysed by a hornet for 1 turns
  4448 | D:6      | Reached skill level 5 in Fighting
  4705 | D:6      | Learned a level 2 spell: Blink
  4708 | D:6      | Learned a level 2 spell: Lesser Beckoning
  4763 | D:6      | Found a hide-covered altar of Uskayaw.
  4870 | D:6      | Found an iron altar of Okawaru.
  5070 | D:7      | Found a runed translucent door.
  5071 | D:7      | Noticed Crazy Yiuf
  5077 | D:7      | Killed Crazy Yiuf
  5356 | D:7      | Noticed Pikel
  5363 | D:7      | Killed Pikel
  5392 | D:7      | Identified the +2 scale mail "Xysu" {rElec}
  5445 | D:7      | Found a burning altar of Makhleb.
  5445 | D:7      | Found a shimmering altar of Xom.
  5648 | D:8      | Reached XP level 10. HP: 88/98 MP: 7/9
  6184 | D:9      | Identified Sif Muna's Discourse on the Evil Eye (Sif Muna
                  | gifted it to you on level 9 of the Dungeon)
  6184 | D:9      | Received a gift from Sif Muna
  6280 | D:9      | Found a staircase to the Orcish Mines.
  6376 | D:9      | Found a shadowy altar of Dithmenos.
  6537 | D:10     | Found a large runed translucent door.
  6538 | D:10     | Found a large runed translucent door.
  6541 | D:10     | Noticed Mindmass's ghost (journeyman HuCj)
  6562 | D:10     | Reached skill level 5 in Dodging
  6657 | D:10     | Reached skill level 5 in Translocations
  6663 | D:10     | Found a basalt altar of Yredelemnul.
  6668 | D:10     | Reached skill level 1 in Transmutations
  6694 | D:10     | Noticed a two-headed ogre
  6699 | D:10     | Noticed a two-headed ogre
  6703 | D:10     | Killed a two-headed ogre
  6738 | D:10     | Killed a two-headed ogre
  6739 | D:10     | Reached XP level 11. HP: 88/105 MP: 7/10
  6974 | D:10     | Noticed a deep elf pyromancer
  7008 | D:10     | Killed a deep elf pyromancer
  7009 | D:10     | Reached skill level 5 in Transmutations
  7649 | D:11     | Noticed Sonja
  7650 | D:11     | Sonja changed into Sonja the black bear
  7650 | D:11     | Noticed Sonja
  7654 | D:11     | Killed Sonja the black bear
  7657 | D:11     | Found a staircase to the Lair.
  7759 | D:11     | Reached skill level 10 in Unarmed Combat
  8128 | D:11     | Noticed a two-headed ogre
  8137 | D:11     | Killed a two-headed ogre
  8195 | D:11     | Noticed a two-headed ogre
  8204 | D:11     | Killed a two-headed ogre
  8235 | D:11     | Noticed a two-headed ogre
  8239 | D:11     | Killed a two-headed ogre
  8422 | D:11     | Found Seank's Weapon Boutique.
  8649 | D:12     | Found Ziun Fiu's Distillery.
  8654 | D:12     | Bought a potion of heal wounds for 85 gold pieces
  8654 | D:12     | Bought a potion of heal wounds for 85 gold pieces
  8655 | D:12     | Found Wirud's Jewellery Emporium.
  8722 | D:12     | Noticed a deep elf pyromancer
  8728 | D:12     | Killed a deep elf pyromancer
  8729 | D:12     | Reached XP level 12. HP: 114/115 MP: 9/11
  8890 | D:12     | Found Viudip's Antique Weapon Shop.
  8900 | D:12     | Reached skill level 1 in Armour
  9002 | D:12     | Reached skill level 1 in Throwing
  9121 | D:12     | Reached skill level 11 in Unarmed Combat
  9342 | D:12     | Found Nuimpael's Weapon Shop.
  9344 | D:12     | Noticed a two-headed ogre
  9350 | D:12     | Killed a two-headed ogre
  9350 | D:12     | Identified Sif Muna's Secrets of Blasting (Sif Muna gifted
                  | it to you on level 12 of the Dungeon)
  9350 | D:12     | Received a gift from Sif Muna
  9527 | D:12     | Bought 2 throwing nets for 96 gold pieces
  9580 | D:12     | Found Xuim's Antique Weapon Shoppe.
  9778 | Lair:1   | Entered Level 1 of the Lair of Beasts
 10811 | Lair:2   | Noticed a seven-headed hydra
 11082 | Lair:2   | Noticed an eight-headed hydra
 11090 | Lair:2   | Killed an eight-headed hydra
 11091 | Lair:2   | Reached skill level 12 in Unarmed Combat
 11160 | Lair:2   | Reached skill level 5 in Throwing
 11303 | Lair:2   | Killed a seven-headed hydra
 11505 | Lair:2   | Reached XP level 13. HP: 124/124 MP: 12/12
 11610 | Lair:2   | Found a staircase to the Snake Pit.
 11872 | Lair:2   | Reached skill level 1 in Evocations
 12051 | Lair:3   | Found a runed translucent door.
 12051 | Lair:3   | Noticed Jelor's ghost (journeyman DrIE)
 12574 | Lair:3   | Found a staircase to the Shoals.
 13418 | Lair:4   | Noticed Josephine
 13592 | Lair:4   | Reached skill level 5 in Evocations
 13670 | Lair:4   | Identified Antes's Precepts of the Relocated Salvo (Sif
                  | Muna gifted it to you on level 4 of the Lair of Beasts)
 13670 | Lair:4   | Received a gift from Sif Muna
 14461 | Lair:5   | Entered Level 5 of the Lair of Beasts
 14480 | Lair:4   | Killed Josephine
 14864 | Lair:5   | Reached XP level 14. HP: 114/136 MP: 10/13
 14875 | Lair:5   | Found a viscous altar of Jiyva.
 14875 | Lair:5   | Found a staircase to the Slime Pits.
 14899 | Lair:5   | Fell from the grace of Sif Muna
 14899 | Lair:5   | Became a worshipper of Jiyva Jecyenn the Shapeless
 15073 | Lair:5   | Reached skill level 13 in Unarmed Combat
 15420 | Lair:5   | Reached * piety under Jiyva
 15899 | Lair:5   | Got a clothbound book
 16468 | Orc:1    | Entered Level 1 of the Orcish Mines
 16475 | Orc:1    | Noticed Jorgrun
 16664 | D:13     | Reached ** piety under Jiyva
 16691 | D:13     | Reached skill level 14 in Unarmed Combat
 17267 | D:13     | Found a portal to a secret trove of treasure.
 17637 | D:14     | Reached *** piety under Jiyva
 17868 | D:14     | Gained mutation: You are robust. (+10% HP) [Jiyva's grace]
 17868 | D:14     | Gained mutation: You are very robust. (+20% HP) [Jiyva's
                  | grace]
 17868 | D:14     | Gained mutation: You are extremely robust. (+30% HP)
                  | [Jiyva's grace]
 17868 | D:14     | Gained mutation: Your translucent skin slightly reduces
                  | your foes' accuracy. (Stealth+) [Jiyva's grace]
 18179 | D:14     | Found a gate to the Vaults.
 18328 | D:15     | Entered Level 15 of the Dungeon
 18362 | D:15     | Reached **** piety under Jiyva
 18547 | D:15     | Reached XP level 15. HP: 163/189 MP: 12/14
 18635 | D:15     | Reached skill level 10 in Dodging
 18839 | D:15     | Reached skill level 15 in Unarmed Combat
 18887 | D:15     | Identified the +6 dagger "Puismuum" {freeze, +Blink rCorr}
 19146 | D:15     | Found a transporter.
 19352 | D:15     | Found a staircase to the Depths.
 19486 | D:15     | Reached skill level 1 in Invocations
 19715 | Orc:1    | Killed Jorgrun
 19746 | D:9      | Was forgiven by Sif Muna
 19950 | Orc:1    | Paralysed by an orc sorcerer for 4 turns
 20179 | Orc:1    | Gained mutation: Your translucent skin reduces your foes'
                  | accuracy. (Stealth+) [Jiyva's grace]
 20179 | Orc:1    | Gained mutation: Your transparent skin significantly
                  | reduces your foes' accuracy. (Stealth+) [Jiyva's grace]
 20179 | Orc:1    | Gained mutation: You are partially covered in iridescent
                  | scales. (AC +2) [Jiyva's grace]
 20179 | Orc:1    | Gained mutation: You are mostly covered in iridescent
                  | scales. (AC +4) [Jiyva's grace]
 20223 | Orc:2    | Entered Level 2 of the Orcish Mines
 20223 | Orc:2    | Reached ***** piety under Jiyva
 20927 | Orc:2    | Identified the ring "Lylureos" {Drain +Blink rPois rC++
                  | EV+5}
 20994 | Orc:2    | Found a staircase to the Elven Halls.
 21343 | Orc:2    | Found Janiss's Assorted Antiques.
 21369 | Orc:2    | Found Esmezuhe's Magic Scroll Shoppe.
 21439 | Orc:2    | Found Liyremia's Antique Armour Boutique.
 21565 | Orc:2    | Found Ymum's Assorted Antiques.
 21952 | Snake:1  | Entered Level 1 of the Snake Pit
 21976 | Snake:1  | Reached skill level 16 in Unarmed Combat
 22005 | Snake:1  | Reached XP level 16. HP: 64/205 MP: 8/18
 22158 | Shoals:1 | Entered Level 1 of the Shoals
 22224 | Shoals:1 | Reached skill level 10 in Fighting
 22788 | Shoals:2 | Reached skill level 5 in Invocations
 22913 | Shoals:2 | Reached ****** piety under Jiyva
 22916 | Shoals:2 | Lost mutation: You are mostly covered in iridescent scales.
                  | (AC +4) [Jiyva's grace]
 22916 | Shoals:2 | Lost mutation: You are extremely robust. (+30% HP) [Jiyva's
                  | grace]
 22916 | Shoals:2 | Lost mutation: Your transparent skin significantly reduces
                  | your foes' accuracy. (Stealth+) [Jiyva's grace]
 22916 | Shoals:2 | Lost mutation: Your translucent skin reduces your foes'
                  | accuracy. (Stealth+) [Jiyva's grace]
 22916 | Shoals:2 | Gained mutation: Your flesh is cold resistant. (rC+)
                  | [Jiyva's grace]
 22916 | Shoals:2 | Gained mutation: Your flesh is very cold resistant. (rC++)
                  | [Jiyva's grace]
 22916 | Shoals:2 | Gained mutation: Your flesh is almost immune to the effects
                  | of cold. (rC+++) [Jiyva's grace]
 22916 | Shoals:2 | Gained mutation: You possess an exceptional clarity of
                  | mind. [Jiyva's grace]
 23191 | Shoals:2 | Found Diozunic's Merfolk Magic.
 23191 | Shoals:2 | Found Diozunic's Merfolk Armours.
 23191 | Shoals:2 | Found Diozunic's Merfolk Weapons.
 23752 | Slime:1  | Entered Level 1 of the Pits of Slime
 23769 | Slime:4  | Noticed an acid blob
 23770 | Slime:4  | Noticed an acid blob
 23785 | Slime:5  | Entered Level 5 of the Pits of Slime
 23787 | Slime:5  | Found a viscous altar of Jiyva.
 23801 | Slime:5  | Identified the ring of Moderation {Fire rPois Dex+3}
 23812 | Slime:5  | Identified the +2 robe of Vermicelli {rN+ Int+5}
 23818 | Slime:5  | Found the +8 Wrath of Trog {antimagic, *Rage Rampage}
 23842 | Slime:5  | Identified the +3 ring mail of Silly the Leaf {rPois}
 23844 | Slime:5  | Got a slimy rune of Zot
 23846 | Slime:5  | Identified the +4 sling of Xait {flame, rElec rPois rC+}
 23860 | Slime:5  | Noticed the Royal Jelly
 23867 | Slime:5  | Noticed an acid blob
 23899 | Slime:5  | Noticed an acid blob
 23899 | Slime:5  | Noticed an acid blob
 23922 | Slime:3  | Noticed an acid blob
 24308 | Shoals:3 | Noticed a kraken
 24765 | Shoals:3 | Identified the +0 ring mail of Gravitas {Rampage}
 24873 | Shoals:4 | Entered Level 4 of the Shoals
 24873 | Shoals:4 | Noticed Aizul
 24887 | Shoals:4 | Killed Aizul
 25097 | Shoals:4 | Reached skill level 1 in Shields
 25097 | Shoals:4 | Reached skill level 17 in Unarmed Combat
 25130 | Shoals:4 | Found Gobbiag's Goods Gallery.
 25176 | Shoals:4 | Noticed Ilsuiw
 25355 | Shoals:4 | Identified the +0 pair of boots "Tamo" {Int+2}
 25480 | Shoals:4 | Identified the +7 trident of Havoc {drain, Str+2}
 25594 | Shoals:4 | Killed Ilsuiw
 25713 | Shoals:4 | Reached XP level 17. HP: 100/211 MP: 12/19
 25742 | Shoals:4 | Got a barnacled rune of Zot
 25986 | Shoals:4 | Reached skill level 5 in Shields
 26000 | Shoals:4 | Noticed Polyphemus
 26020 | Shoals:4 | Killed Polyphemus
 26074 | Shoals:4 | Noticed Mlioglotl
 26085 | Shoals:4 | Killed Mlioglotl
 26196 | Shoals:4 | Found the +9 staff of Olgreb {rPois∞}
 26756 | Snake:1  | Identified the +3 cloak of the Old and Reckless {rN+ Str+5
                  | Stlth-}
 27517 | Snake:2  | Reached skill level 15 in Fighting
 27539 | Snake:1  | Upgraded the game from 0.31-a0-816-gd61d57ddb1 to
                  | 0.31-a0-818-ge7c7cf74f0
 27594 | Snake:2  | Lost mutation: Your flesh is almost immune to the effects
                  | of cold. (rC+++) [Jiyva's grace]
 27594 | Snake:2  | Lost mutation: Your flesh is very cold resistant. (rC++)
                  | [Jiyva's grace]
 27594 | Snake:2  | Lost mutation: Your flesh is cold resistant. (rC+) [Jiyva's
                  | grace]
 27594 | Snake:2  | Lost mutation: You are very robust. (+20% HP) [Jiyva's
                  | grace]
 27594 | Snake:2  | Lost mutation: Your translucent skin slightly reduces your
                  | foes' accuracy. (Stealth+) [Jiyva's grace]
 27594 | Snake:2  | Gained mutation: Your movements are slightly less
                  | encumbered by armour. (ER -2) [Jiyva's grace]
 27594 | Snake:2  | Gained mutation: Your movements are less encumbered by
                  | armour. (ER -4) [Jiyva's grace]
 27594 | Snake:2  | Gained mutation: Your movements are significantly less
                  | encumbered by armour. (ER -6) [Jiyva's grace]
 27594 | Snake:2  | Gained mutation: You are partially covered in large bone
                  | plates. (SH +4) [Jiyva's grace]
 27721 | Snake:2  | Noticed Vashnia
 27885 | Snake:3  | Found a blossoming altar of Fedhas.
 28037 | Snake:3  | Found a frozen archway.
 28061 | IceCv    | Entered an ice cave
 28275 | IceCv    | Identified the +1 morningstar of Valour {heavy, rPois Str+3
                  | SInv Stlth+}
 28281 | IceCv    | Identified the +4 quarterstaff of Midsummer {flame, rF+ rC-
                  | rCorr Dex+4}
 28300 | IceCv    | Identified a scroll of acquirement
 28336 | Snake:3  | Acquired 928 gold pieces
 28631 | Orc:2    | Bought smoking gold dragon scales for 3145 gold pieces
 28631 | Orc:2    | Identified the +3 gold dragon scales of the Sun {rElec
                  | rPois rF+ rC+ MP-9 Int-4 Dex+6} (You bought it in a shop on
                  | level 2 of the Orcish Mines)
 28697 | Orc:2    | Bought a scroll labelled YLLUCLITHU for 29 gold pieces
 28724 | Orc:2    | Bought a scroll of identify for 34 gold pieces
 28724 | Orc:2    | Bought a scroll of silence for 161 gold pieces
 28724 | Orc:2    | Bought a scroll of identify for 34 gold pieces
 29165 | Snake:4  | Entered Level 4 of the Snake Pit
 29288 | Snake:4  | Noticed Agnes
 29301 | Snake:4  | Killed Agnes
 29579 | Snake:4  | Reached XP level 18. HP: 214/214 MP: 11/20
 29588 | Snake:4  | Noticed Saint Roka
 29632 | Snake:3  | Killed Saint Roka
 29633 | Snake:3  | Reached skill level 18 in Unarmed Combat
 30422 | Snake:4  | Lost mutation: You are partially covered in iridescent
                  | scales. (AC +2) [Jiyva's grace]
 30422 | Snake:4  | Lost mutation: You are partially covered in large bone
                  | plates. (SH +4) [Jiyva's grace]
 30422 | Snake:4  | Gained mutation: Your muscles are strong. (Str +4, Int/Dex
                  | -1) [Jiyva's grace]
 30422 | Snake:4  | Lost intelligence.
 30422 | Snake:4  | Gained mutation: Your muscles are very strong. (Str +8,
                  | Int/Dex -2) [Jiyva's grace]
 30422 | Snake:4  | Gained mutation: You are somewhat resistant to further
                  | mutation. [Jiyva's grace]
 30422 | Snake:4  | Gained mutation: You are somewhat resistant to both further
                  | mutation and mutation removal. [Jiyva's grace]
 30655 | Snake:4  | Got a serpentine rune of Zot
 30925 | D:14     | Upgraded the game from 0.31-a0-818-ge7c7cf74f0 to
                  | 0.31-a0-828-gb7646bb5e3
 30926 | Vaults:1 | Entered Level 1 of the Vaults
 31236 | Elf:1    | Entered Level 1 of the Elven Halls
 31706 | Elf:1    | Paralysed by an air elemental for 1 turns
 32103 | Elf:1    | Noticed Louise
 32114 | Elf:1    | Slimified Louise
 32114 | Elf:1    | Louise changed into Louise the azure jelly
 32114 | Elf:1    | Noticed Louise
 32154 | Elf:1    | Killed Louise the azure jelly
 32348 | Elf:2    | Reached skill level 10 in Shields
 32453 | Elf:2    | Paralysed by an air elemental for 1 turns
 32457 | Elf:2    | Paralysed by an air elemental for 1 turns
 32521 | Elf:2    | Reached skill level 19 in Unarmed Combat
 32853 | Elf:2    | Reached XP level 19. HP: 226/226 MP: 21/21
 32888 | Elf:2    | Found a shimmering blue altar of Sif Muna.
 33011 | Elf:2    | Found a runed translucent gate.
 33012 | Elf:2    | Found a runed translucent gate.
 33012 | Elf:2    | Found a runed translucent gate.
 33455 | Lair:3   | Killed Jelor's ghost
 33767 | Elf:3    | Entered Level 3 of the Elven Halls
 34075 | Elf:3    | Lost mutation: Your movements are significantly less
                  | encumbered by armour. (ER -6) [Jiyva's grace]
 34075 | Elf:3    | Gained mutation: Armour fits poorly on your pseudopods.
                  | [Jiyva's grace]
 34075 | Elf:3    | Gained mutation: Armour fits poorly on your large
                  | pseudopods. [Jiyva's grace]
 34075 | Elf:3    | Gained mutation: Armour fits poorly on your massive
                  | pseudopods. [Jiyva's grace]
 34075 | Elf:3    | Gained mutation: Your body has grown eyes which may confuse
                  | attackers. (Acc +3) [Jiyva's grace]
 34818 | Elf:3    | Identified the ring "Zounulat" {Ice rN+ Str+2 Dex+3 Slay+2}
 34835 | Elf:3    | Noticed a Tzitzimitl
 34983 | Abyss:2  | Cast into level 2 of the Abyss (a deep elf sorcerer)
 35105 | Abyss:2  | Found a corrupted altar of Lugonu.
 35106 | Abyss:2  | Found a corrupted altar of Lugonu.
 35106 | Abyss:2  | Found a corrupted altar of Lugonu.
 35117 | Abyss:2  | Paralysed by accursed screaming for 1 turns
 35245 | Abyss:2  | Found a corrupted altar of Lugonu.
 35398 | Elf:3    | Escaped the Abyss
 35521 | Elf:3    | Identified the +10 sling of the Sky {freeze, rElec rC+
                  | Str+4}
 35533 | Elf:3    | Got a gaudy book
 35542 | Elf:3    | Identified the +6 arbalest "Quigg" {elec, rCorr Str+6
                  | Dex-4}
 35552 | Elf:3    | Identified the +3 quarterstaff of Focus {pain, +Blink rPois
                  | MP-9 Stlth-}
 35579 | Elf:3    | Got an exquisite book
 35582 | Elf:3    | Identified the +0 sling of Gravity {elec, *Corrode rElec
                  | rPois Str-5}
 36049 | Shoals:2 | Bought a phial of floods for 720 gold pieces
 36371 | Vaults:1 | Reached skill level 20 in Unarmed Combat
 36746 | Vaults:1 | Reached XP level 20. HP: 217/243 MP: 22/22
 36762 | Vaults:1 | Found Laoz's Magic Scroll Shop.
 36773 | Vaults:1 | Bought a scroll of blinking for 105 gold pieces
 36773 | Vaults:1 | Bought a scroll of revelation for 105 gold pieces
 36773 | Vaults:1 | Bought a scroll of fear for 56 gold pieces
 36773 | Vaults:1 | Bought a scroll of teleportation for 42 gold pieces
 36773 | Vaults:1 | Bought a scroll of blinking for 105 gold pieces
 36802 | Vaults:1 | Lost mutation: You are robust. (+10% HP) [Jiyva's grace]
 36802 | Vaults:1 | Gained mutation: You are strong-willed. (Will+) [Jiyva's
                  | grace]
 36802 | Vaults:1 | Gained mutation: You are highly strong-willed. (Will++)
                  | [Jiyva's grace]
 36802 | Vaults:1 | Gained mutation: You are extremely strong-willed. (Will+++)
                  | [Jiyva's grace]
 36802 | Vaults:1 | Gained mutation: Your body has grown many eyes which may
                  | confuse attackers. (Acc +5) [Jiyva's grace]
 36815 | Vaults:1 | Found a runed translucent door.
 36816 | Vaults:1 | Found a shimmering altar of Xom.
 36816 | Vaults:1 | Noticed niknal's ghost (adept TeWr)
 36816 | Vaults:1 | Identified the +5 rapier of Irrepressible Laughter {chaos,
                  | Will+ Int+2}
 37336 | Vaults:2 | Found Uptu's Weapon Shoppe.
 37340 | Vaults:2 | Noticed Boris
 37362 | Vaults:2 | Killed Boris
 37412 | Vaults:2 | Found Akkeloax's Weapon Emporium.
 37517 | Vaults:2 | Found Meir Sei's General Store.
 37525 | Vaults:2 | Bought a scroll of teleportation for 54 gold pieces
 37670 | Vaults:2 | Noticed Zenata
 37683 | Vaults:2 | Killed Zenata
 38136 | Vaults:2 | Found Jafoyq's Assorted Antiques.
 38154 | Vaults:2 | Bought a scroll of identify for 90 gold pieces
 38176 | Vaults:2 | Noticed Jory
 38182 | Vaults:2 | Killed Jory
 38183 | Vaults:2 | Reached skill level 21 in Unarmed Combat
 38587 | Vaults:3 | Lost mutation: You are somewhat resistant to both further
                  | mutation and mutation removal. [Jiyva's grace]
 38587 | Vaults:3 | Lost mutation: You are somewhat resistant to further
                  | mutation. [Jiyva's grace]
 38587 | Vaults:3 | Lost mutation: Your muscles are very strong. (Str +8,
                  | Int/Dex -2) [Jiyva's grace]
 38587 | Vaults:3 | Lost mutation: Your body has grown many eyes which may
                  | confuse attackers. (Acc +5) [Jiyva's grace]
 38587 | Vaults:3 | Lost mutation: Armour fits poorly on your massive
                  | pseudopods. [Jiyva's grace]
 38587 | Vaults:3 | Lost mutation: Armour fits poorly on your large pseudopods.
                  | [Jiyva's grace]
 38587 | Vaults:3 | Gained mutation: You have large cloven feet. [Jiyva's
                  | grace]
 38587 | Vaults:3 | Gained mutation: You have hoof-like feet. [Jiyva's grace]
 38587 | Vaults:3 | Gained mutation: You have hooves in place of feet. [Jiyva's
                  | grace]
 38587 | Vaults:3 | Gained mutation: You are partially covered in iridescent
                  | scales. (AC +2) [Jiyva's grace]
 38923 | Vaults:3 | Noticed Sojobo
 38938 | Vaults:3 | Killed Sojobo
 39258 | Vaults:3 | Found a staircase to the Crypt.
 39754 | Vaults:3 | Reached XP level 21. HP: 165/231 MP: 2/23
 39996 | Vaults:4 | Reached skill level 10 in Shapeshifting
 40031 | Vaults:4 | Noticed Boris
 40059 | Vaults:4 | Killed Boris
 40717 | Vaults:4 | Gained mutation: Your melee attacks may engulf your foes in
                  | ooze. [Jiyva's grace]
 40717 | Vaults:4 | Gained mutation: You are agile. (Dex +4, Str/Int -1)
                  | [Jiyva's grace]
 40717 | Vaults:4 | Gained mutation: You are very agile. (Dex +8, Str/Int -2)
                  | [Jiyva's grace]
 40717 | Vaults:4 | Gained mutation: Your body has grown many eyes which may
                  | confuse attackers. (Acc +5) [Jiyva's grace]
 41252 | D:10     | Killed Mindmass's ghost
 41585 | Orc:2    | Bought a smoking cloak for 351 gold pieces
 41585 | Orc:2    | Identified the +1 cloak of Pant {rF+} (You bought it in a
                  | shop on level 2 of the Orcish Mines)
 41641 | Orc:2    | Bought a fine cloak for 275 gold pieces
 41641 | Orc:2    | Identified the +1 cloak of Impatience {rElec rPois MP+9
                  | Dex+2} (You bought it in a shop on level 2 of the Orcish
                  | Mines)
 41858 | Depths:1 | Entered Level 1 of the Depths
 41894 | Depths:1 | Noticed a juggernaut
 41906 | Depths:1 | Killed a juggernaut
 41978 | Depths:1 | Noticed Boris
 41994 | Depths:1 | Killed Boris
 42195 | Depths:1 | Found a gateway to Hell.
 42250 | Depths:1 | Found a one-way gate to the infinite horrors of the Abyss.
 42873 | Depths:2 | Reached skill level 15 in Shields
 43265 | Depths:2 | Reached XP level 22. HP: 240/242 MP: 15/24
 43373 | Depths:2 | Reached skill level 22 in Unarmed Combat
 43648 | Depths:2 | Found a stormy altar of Qazlal.
 43817 | Depths:2 | Found a one-way gate leading to the halls of Pandemonium.
 43882 | Depths:2 | Gained mutation: You have hidden genetic potential.
                  | [Jiyva's grace]
 43882 | Depths:2 | Gained mutation: You have great hidden genetic potential.
                  | [Jiyva's grace]
 43882 | Depths:2 | Gained mutation: Armour fits poorly on your large
                  | pseudopods. [Jiyva's grace]
 43882 | Depths:2 | Gained mutation: Armour fits poorly on your massive
                  | pseudopods. [Jiyva's grace]
 44034 | Depths:3 | Found a one-way gateway to a ziggurat.
 44048 | Depths:3 | Noticed a golden dragon
 44052 | Depths:3 | Killed a golden dragon
 44304 | Depths:3 | Noticed Norris
 44318 | Depths:3 | Killed Norris
 44456 | Depths:3 | Noticed a golden dragon
 44470 | Depths:3 | Killed a golden dragon
 44482 | Depths:3 | Found Xag Zeru's Antique Weapon Shop.
 44487 | Depths:3 | Found Azoad's General Store.
 45360 | Depths:4 | Entered Level 4 of the Depths
 45542 | Depths:4 | Reached skill level 23 in Unarmed Combat
 45545 | Depths:4 | Found Geoseviosh's Antique Armour Boutique.
 45591 | Depths:4 | Noticed Mennas
 45598 | Depths:4 | Killed Mennas
 45869 | Depths:4 | Noticed a golden dragon
 45879 | Depths:4 | Killed a golden dragon
 45892 | Depths:4 | Reached XP level 23. HP: 249/256 MP: 14/25
 46224 | Depths:4 | Found a gate to the Realm of Zot.
 46324 | Depths:4 | Lost mutation: You are very agile. (Dex +8, Str/Int -2)
                  | [Jiyva's grace]
 46324 | Depths:4 | Lost mutation: You possess an exceptional clarity of mind.
                  | [Jiyva's grace]
 46324 | Depths:4 | Lost mutation: Armour fits poorly on your massive
                  | pseudopods. [Jiyva's grace]
 46324 | Depths:4 | Lost mutation: Armour fits poorly on your large pseudopods.
                  | [Jiyva's grace]
 46324 | Depths:4 | Gained mutation: Your spells are a little harder to cast,
                  | but a little more powerful. [Jiyva's grace]
 46324 | Depths:4 | Gained mutation: Your spells are harder to cast, but more
                  | powerful. [Jiyva's grace]
 46324 | Depths:4 | Gained mutation: Your spells are much harder to cast, but
                  | much more powerful. [Jiyva's grace]
 46324 | Depths:4 | Gained mutation: You have a pair of small horns on your
                  | head. [Jiyva's grace]
 46560 | Depths:4 | Found Hucepog's Book Shop.
 46560 | Depths:4 | Found Teno's Jewellery Shoppe.
 46561 | Depths:4 | Found Xuozinoh's Book Shop.
 46611 | Depths:4 | Gained mutation: Your system is resistant to poisons.
                  | (rPois) [hidden potential]
 46880 | Vaults:5 | Entered Level 5 of the Vaults
 47050 | Vaults:5 | Got a quivering book
 47057 | Vaults:5 | Identified the amulet of the Six Hosts {Spirit Harm}
 47415 | Vaults:5 | Noticed a dread lich
 47424 | Vaults:5 | Killed a dread lich
 47426 | Vaults:5 | Identified the +1 sling "Faluk Jasa" {flame, rPois rN+
                  | rCorr}
 47722 | Vaults:5 | Got a silver rune of Zot
 47837 | Vaults:5 | Identified the +4 long sword of the Unstoppable Spines
                  | {spect, Stlth+}
 47837 | Vaults:5 | Noticed Boris
 47842 | Vaults:5 | Killed Boris
 48079 | Vaults:5 | Reached XP level 24. HP: 267/267 MP: 16/25
 48161 | Vaults:5 | Reached XP level 25. HP: 274/275 MP: 16/25
 48854 | Depths:4 | Upgraded the game from 0.31-a0-828-gb7646bb5e3 to
                  | 0.31-a0-832-g3a2c1c66ba
 48855 | Zot:1    | Entered Level 1 of the Realm of Zot
 48855 | Zot:1    | Noticed Parghit
 48855 | Zot:1    | Noticed an orb of fire
 48864 | Zot:1    | Killed an orb of fire
 48942 | Zot:1    | Reached skill level 15 in Shapeshifting
 48977 | Depths:4 | Killed Parghit
 48978 | Depths:4 | Reached skill level 5 in Armour
 49747 | Zot:1    | Gained mutation: Your muscles are very strong. (Str +8,
                  | Int/Dex -2) [hidden potential]
 49747 | Zot:1    | Lost mutation: You have great hidden genetic potential.
                  | [hidden potential expressed]
 49880 | Zot:1    | Noticed a Killer Klown
 49960 | Zot:1    | Noticed a Killer Klown
 49996 | Zot:1    | Killed a Killer Klown
 50004 | Zot:1    | Killed a Killer Klown
 50089 | Zot:1    | Noticed a Killer Klown
 50102 | Zot:1    | Killed a Killer Klown
 50259 | Zot:1    | Noticed a Killer Klown
 50265 | Zot:1    | Killed a Killer Klown
 50462 | Zot:1    | Noticed a Killer Klown
 50468 | Zot:1    | Killed a Killer Klown
 50722 | Zot:2    | Lost mutation: You have hooves in place of feet. [Jiyva's
                  | grace]
 50722 | Zot:2    | Lost mutation: You have hoof-like feet. [Jiyva's grace]
 50722 | Zot:2    | Lost mutation: You are agile. (Dex +4, Str/Int -1) [Jiyva's
                  | grace]
 50722 | Zot:2    | Lost mutation: You are extremely strong-willed. (Will+++)
                  | [Jiyva's grace]
 50722 | Zot:2    | Lost mutation: Your muscles are very strong. (Str +8,
                  | Int/Dex -2) [Jiyva's grace]
 50722 | Zot:2    | Lost mutation: Your body has grown many eyes which may
                  | confuse attackers. (Acc +5) [Jiyva's grace]
 50722 | Zot:2    | Lost mutation: Armour fits poorly on your pseudopods.
                  | [Jiyva's grace]
 50722 | Zot:2    | Lost mutation: You have hidden genetic potential. [Jiyva's
                  | grace]
 50722 | Zot:2    | Lost mutation: Your melee attacks may engulf your foes in
                  | ooze. [Jiyva's grace]
 50722 | Zot:2    | Gained mutation: You have a small jelly attached to you
                  | that may absorb projectiles. [Jiyva's grace]
 50722 | Zot:2    | Gained mutation: Your translucent skin slightly reduces
                  | your foes' accuracy. (Stealth+) [Jiyva's grace]
 50722 | Zot:2    | Gained mutation: Your translucent skin reduces your foes'
                  | accuracy. (Stealth+) [Jiyva's grace]
 50722 | Zot:2    | Gained mutation: Your transparent skin significantly
                  | reduces your foes' accuracy. (Stealth+) [Jiyva's grace]
 51019 | Zot:2    | Noticed a Killer Klown
 51027 | Zot:2    | Killed a Killer Klown
 51478 | Zot:3    | Noticed a Killer Klown
 51486 | Zot:3    | Killed a Killer Klown
 51776 | Zot:3    | You fall into a shaft and drop 1 floor!
 51853 | Zot:4    | Noticed a Killer Klown
 51863 | Zot:4    | Killed a Killer Klown
 52068 | Zot:4    | Reached skill level 10 in Armour
 52482 | Zot:4    | Lost mutation: Your spells are much harder to cast, but
                  | much more powerful. [Jiyva's grace]
 52482 | Zot:4    | Lost mutation: Your spells are harder to cast, but more
                  | powerful. [Jiyva's grace]
 52482 | Zot:4    | Lost mutation: Your body has grown eyes which may confuse
                  | attackers. (Acc +3) [Jiyva's grace]
 52482 | Zot:4    | Lost mutation: Your transparent skin significantly reduces
                  | your foes' accuracy. (Stealth+) [Jiyva's grace]
 52482 | Zot:4    | Gained mutation: You are covered in slimy tendrils that may
                  | disarm your opponents. [Jiyva's grace]
 52482 | Zot:4    | Gained mutation: You are resistant to electric shocks.
                  | (rElec) [Jiyva's grace]
 52482 | Zot:4    | Gained mutation: You are extremely strong-willed. (Will+++)
                  | [Jiyva's grace]
 52482 | Zot:4    | Gained mutation: You have a small jelly attached to you
                  | that senses nearby items. [Jiyva's grace]
 52507 | Zot:4    | Reached XP level 26. HP: 286/286 MP: 25/25
 53006 | Zot:5    | Entered Level 5 of the Realm of Zot
 53211 | Zot:5    | Noticed an orb of fire
 53231 | Zot:5    | Killed an orb of fire
 53232 | Zot:5    | Noticed an orb of fire
 53244 | Zot:5    | Killed an orb of fire
 53914 | Zot:5    | Noticed an orb of fire
 53915 | Zot:5    | Noticed an orb of fire
 53916 | Zot:5    | Noticed an orb of fire
 54122 | Zot:5    | Noticed a dread lich
 54131 | Zot:5    | Killed a dread lich
 54166 | Zot:5    | Gained mutation: Armour fits poorly on your strangely
                  | shaped body. [an orb of fire]
 54170 | Zot:5    | Gained mutation: You are vulnerable to cold. (rC-) [an orb
                  | of fire]
 54170 | Zot:5    | Gained mutation: Your body sometimes deteriorates upon
                  | taking damage. [an orb of fire]
 54174 | Zot:5    | Killed an orb of fire
 54204 | Zot:5    | Gained mutation: You occasionally lose the ability to drink
                  | potions when taking damage. [an orb of fire]
 54208 | Zot:5    | Gained mutation: You are clumsy. (Dex -2) [an orb of fire]
 54217 | Zot:5    | Killed an orb of fire
 54241 | Zot:5    | Lost mutation: Your muscles are strong. (Str +4, Int/Dex
                  | -1) [an orb of fire]
 54243 | Zot:5    | Gained mutation: You are frail. (-10% HP) [an orb of fire]
 54247 | Zot:5    | Killed an orb of fire
 54389 | Zot:5    | Noticed a dread lich
 54407 | Zot:4    | Killed a dread lich
 54416 | Zot:5    | Noticed a dread lich
 54429 | Zot:4    | Killed a dread lich
 54436 | Zot:5    | Noticed an ancient lich
 54441 | Zot:5    | Noticed an ancient lich
 54453 | Zot:5    | Noticed an ancient lich
 54456 | Zot:5    | Killed an ancient lich
 54466 | Zot:5    | Killed an ancient lich
 54470 | Zot:5    | Killed an ancient lich
 54616 | Zot:5    | Noticed a dread lich
 54638 | Zot:5    | Killed a dread lich
 55019 | Zot:5    | Got the Orb of Zot
 55375 | D:12     | Noticed Aleos the pandemonium lord
 55407 | D:12     | Killed Aleos the pandemonium lord
 55580 | D:6      | Reached XP level 27. HP: 263/263 MP: 25/25
 55758 | D:$      | Escaped with the Orb!

Illustrated notes

Levels and vault maps discovered:
D:1:      lightli_arrival_isolated_outpost, layout_basic
D:2:      layout_basic, shapermc_ecumenical_altar_venn,
          minmay_randomly_rotated_circles
D:3:      layout_loops_ring, chequers_mini_garden, glass_columns_b,
          minmay_goblin_kobold_house, uniq_robin
D:4:      layout_basic, nemelex_xobeh_ov_fountains_minmay, serial_shops, shop
D:5:      layout_rooms, fedhas_ov_isle_minmay, minmay_temple_entry_from_below_a,
          serial_demonic, serial_demonic_d, serial_demonic_b, serial_demonic_e,
          serial_demonic_c, roderic_serpentine_path
D:6:      layout_basic, lemuel_doored_altar, lemuel_round_altar,
          mainiacjoe_overflow_24_doors
D:7:      layout_rooms, nicolae_overflow_crystal_walls,
          grunt_temple_overflow_champion_of_chaos, uniq_pikel,
          uniq_crazy_yiuf_cottage
D:8:      layout_loops_ring
D:9:      layout_irregular_city, grunt_dithmenos_shadows, hiddenorc1_lemuel
D:10:     layout_rooms, nicolae_yredelemnul_corpse_copse,
          ebering_ghost_disaster_area, serial_bayou, serial_bayou_pond_a,
          serial_bayou_lagoon_a, serial_bayou_pond_b, serial_bayou_lagoon_b
D:11:     layout_stronghold, due_lair_maze_entry_diamond, serial_shops,
          kennysheep_mini, uniq_sonja
D:12:     layout_loops_corners, serial_shops, shop,
          nicolae_shop_pleasant_corner_grove, nicolae_stop_n_shop_2,
          nicolae_shop_trees, nicolae_shop_just_a_little_nook
D:13:     layout_loops_ring, trove_entry_hex_spiral
D:14:     layout_irregular_city, hangedman_vaults_entry_quadrant_bands,
          hangedman_decor_peaks_small, minivault_24
D:15:     gammafunk_depths_entry_grave, layout_long_grid,
          ebering_dispersal_statue_hall, nicolae_diode_basic
Lair:1:   layout_long_grid
Lair:2:   layout_long_grid, nicolae_snake_entry_warm_welcome, lemuel_fruit_tree,
          grunt_megastairs_3, serial_bayou_shore_a
Lair:3:   layout_cellular_growth, minmay_shoals_entry_lonely_mermaid,
          gammafunk_ghost_grave
Lair:4:   layout_hall_layers, infiniplex_staircase_pool_2, grunt_megastairs_2,
          uniq_josephine
Lair:5:   hangedman_lair_in_review, layout_regular_city,
          hangedman_lair_tendril_chambers, slime_entry_1
Shoals:1: layout_shoals
Shoals:2: nicolae_shoals_mermall, layout_shoals, nicolae_shoals_drake_roost
Shoals:3: layout_shoals, hangedman_shoals_cup_caves
Shoals:4: shoals_end_hangedman, layout_shoals, shoals_ilsuiw_ice,
          nicolae_alphabet_shops, uniq_mlioglotl, uniq_polyphemus, uniq_aizul
Snake:1:  layout_cave_shapes, drop_trap
Snake:2:  layout_grid_shapes, nicolae_snake_salamander_stairs, uniq_vashnia
Snake:3:  layout_basic, basic_altar, portal_ice_cave_entry_pillars_four
Snake:4:  grunt_snake_rune_spirals, layout_concentric_octagons, uniq_saint_roka,
          uniq_agnes
Slime:1:  layout_caves, nicolae_slime_barrier
Slime:2:  layout_caves, cheibrodos_slime_lost_civilization_7
Slime:3:  layout_caves, special_room [special_room_jelly]
Slime:4:  layout_caves
Slime:5:  slime_pit_nicolae_jellycorners
Orc:1:    layout_caves, mines3_lemuel, uniq_jorgrun
Orc:2:    pubby_orc_utopia
Elf:1:    minmay_elf_arrival_summoners, layout_geoelf_diagonals,
          hangedman_elf_disciples, serial_sigils_hangedman_quiver,
          nicolae_wwwww, uniq_louise
Elf:2:    nicolae_elf_blades_crystal_corner, layout_geoelf_octagon, basic_altar,
          guppyfry_elf_garden
Elf:3:    minmay_elf_hall_golems, layout_gridlike
Vaults:1: ebering_ghost_xom, nicolae_vaults_variable_pillar_hall_cross,
          hangedman_vaults_slither, ontoclasm_vaults_gateway,
          nicolae_vaults_c_with_doors, nicolae_vaults_ninety_degrees,
          nicolae_vaults_door_testing_chamber, nicolae_vaults_tetromino_Z_2,
          nicolae_vaults_double_plus_1, nicolae_vaults_mini_display_case,
          layout_vaults_omnibox, serial_shops, nicolae_shop_trees
Vaults:2: hangedman_vaults_corner, nicolae_vaults_trapezoid_3,
          nicolae_vaults_ring_of_whatevers, vaults_standard_mumra_x,
          nicolae_vaults_fighting_squares, vaults_dpeg_ring,
          vaults_room_octagon, v_misc_9, nicolae_vaults_theta,
          nicolae_vaults_rhombus_5, nicolae_vaults_octothorpe,
          nicolae_vaults_little_squares_2, hangedman_vaults_corner_blocks,
          nicolae_vaults_heist, layout_vaults_omnicross, serial_shops,
          nicolae_shop_crystal, shop, nicolae_shop_stone, shop, uniq_jory,
          uniq_zenata, uniq_boris
Vaults:3: nicolae_vaults_little_ls, grunt_vaults_diagonal, v_alt_pattern_1,
          nicolae_vaults_storage_closets_3, v_rooms_3, vaults_room_door_hall,
          grunt_vaults_trifunnel, blue_anna_dwarven_crypt,
          nicolae_vaults_closet_pinwheel_6, ontoclasm_vaults_loading_screen,
          nicolae_vaults_closet_pinwheel_4, layout_vaults_big_room, uniq_sojobo
Vaults:4: nicolae_vaults_frosty_reception, v_alt_pattern_1, v_misc_18,
          hangedman_vaults_nodes, v_misc_19, v_misc_26, vaults_mumra_minichess,
          v_misc_27, nicolae_vaults_circle_grid_b, ontoclasm_vaults_ligature,
          layout_vaults_ring
Vaults:5: serial_shops
Depths:1: layout_forbidden_donut, serial_sigils, serial_sigils_hangedman_clutch,
          serial_sigils_hangedman_snap, serial_sigils_hangedman_confine,
          serial_sigils_hangedman_scratch, serial_sigils_hangedman_carve,
          abyss_entry, pf_vacation_house_of_asmodeus, serial_bayou_ford_a,
          minivault_11, minmay_fountain_box, minmay_misc_feat_square,
          firewood_loft
Depths:2: grunt_house_of_mirrors, layout_basic, pan_entry,
          grunt_hell_entry_dis_mu, nicolae_qazlal_style_of_elements,
          minmay_staircase_bubble
Depths:3: kennysheep_spiral_hall, layout_basic, enter_ziggurat_c,
          grunt_mini_vestibule, hangedman_abyss_entry_splay,
          serial_bayou_shore_b, minmay_shop_star, infiniplex_staircase_river,
          uniq_norris
Depths:4: grunt_zot_entry_gee_three, layout_honeycomb, pf_hell_entry_tar_river,
          serial_shops, nicolae_diamond_shop, minmay_shop_grove, uniq_mennas
Zot:1:    circus_mu, layout_basic, uniq_parghit
Zot:2:    layout_cellular_growth
Zot:3:    layout_twisted_circle, amethyst_zot_foddershock
Zot:4:    layout_basic, hellmonk_body_bag
Zot:5:    layout_misc_corridors

Skill      XL: |  1  2  3  4  5  6  7  8  9 10 11 12 13 14 15 16 17 18 19 20 21 22 23 24 25 26 |
---------------+-------------------------------------------------------------------------------+-----
Unarmed Combat | 4 5 6 8 9 10 12 14 16 17 19 20 21 23 | 23.6
Shapeshifting  | 3 5 7 9 10 14 17 19 | 19.5
Fighting       | 4 6 7 8 9 13 15 16 17 18 19 20 | 20.6
Dodging        | 4 5 6 7 9 11 12 | 12.0
Translocations | 2 6 |  6.0
Transmutations | 4 6 |  6.0
Armour         | 4 10 13 | 13.6
Throwing       | 6 7 |  7.0
Evocations     | 5 6 7 |  7.0
Invocations    | 4 5 |  5.0
Shields        | 4 8 10 12 15 | 15.8

Action                     |  1- 3 |  4- 6 |  7- 9 | 10-12 | 13-15 | 16-18 | 19-21 | 22-24 | 25-27 || total
---------------------------+-------+-------+-------+-------+-------+-------+-------+-------+-------++-------
  Melee: Unarmed           |    83 |   107 |   200 |   475 |  1169 |  1640 |  1277 |   921 |   918 ||  6790
         Pseudopods        |       |       |       |       |       |       |   353 |   312 |    87 ||   752
         Kick              |       |       |       |       |       |       |   283 |   484 |   400 ||  1167
         Headbutt          |       |       |       |       |       |       |       |   113 |   261 ||   374
  Throw: Dart              |     6 |    29 |    27 |     7 |    22 |     4 |     1 |     2 |       ||    98
         Javelin           |       |     2 |       |       |    19 |     3 |       |       |     9 ||    33
         Boomerang         |       |       |    25 |    36 |    59 |       |    36 |    32 |       ||   188
         Large rock        |       |       |       |    16 |    22 |    10 |       |     1 |    91 ||   140
         Throwing net      |       |       |       |       |       |     1 |       |       |       ||     1
   Cast: Wereblood         |       |       |       |     2 |    12 |    16 |       |       |       ||    30
         Blink             |       |       |       |     1 |     5 |     3 |       |       |       ||     9
         Lesser Beckoning  |       |       |       |     1 |    16 |    22 |     2 |       |       ||    41
 Invoke: Oozemancy         |       |       |       |       |       |     1 |     1 |       |       ||     2
         Slimify           |       |       |       |       |       |     1 |       |       |     1 ||     2
Ability: Evoke Blink       |       |       |       |       |       |     1 |       |       |       ||     1
         Begin Untransform |       |       |       |       |       |       |     1 |       |       ||     1
  Evoke: Wand              |       |       |       |     5 |     4 |     9 |       |       |     5 ||    23
         Phial of floods   |       |       |       |       |       |       |     1 |     1 |       ||     2
    Use: Scroll            |       |       |     7 |     5 |     4 |    13 |     2 |     3 |    13 ||    47
         Potion            |       |       |       |       |     2 |     2 |       |     2 |     2 ||     8
   Stab: Held in net/web   |       |       |       |       |       |     1 |       |       |       ||     1
         Confused          |       |       |       |       |       |       |    15 |    26 |     3 ||    44
 Armour: Robe              |    46 |    27 |    99 |   250 |   530 |   694 |   341 |       |       ||  1987
         Troll leather arm |       |       |       |       |   132 |     1 |       |       |       ||   133
         Gold dragon scale |       |       |       |       |       |    71 |   113 |   314 |   301 ||   799
         Skin              |       |       |       |       |       |       |       |       |   132 ||   132
  Dodge: Dodged            |    37 |    29 |    60 |   165 |   550 |   980 |   315 |   192 |   288 ||  2616
  Block: Orb               |     2 |    28 |    50 |   142 |   338 |   329 |       |       |       ||   889
         Kite shield       |       |       |       |       |       |   583 |   825 |   333 |       ||  1741
         Tower shield      |       |       |       |       |       |       |       |   396 |   920 ||  1316
   Form: Beast             |       |       |     1 |       |     1 |     2 |       |       |       ||     4
                           |       |       |       |       |     1 |     3 |       |       |     1 ||     5
         Anaconda          |       |       |       |       |       |       |     1 |       |       ||     1
         Statue            |       |       |       |       |       |       |       |       |     1 ||     1

Table legend: (Time is in decaauts)
 A = Elapsed time spent in this place.
 B = Non-inter-level travel time spent in this place.
 C = Inter-level travel time spent in this place.
 D = Time resting spent in this place.
 E = Time spent auto-exploring this place.
 F = Levels seen in this place.
 G = Mean time per level.
                   A        B        C        D        E       F      G
               +--------+--------+--------+--------+--------+-----+--------+
         Total |  55125 |  47576 |   7549 |   2924 |  22176 |  54 | 1020.8 |
       Dungeon |  15098 |  12338 |   2760 |    629 |   7622 |  15 | 1006.5 |
          Lair |   7491 |   6084 |   1407 |    906 |   2881 |   5 | 1498.2 |
        Shoals |   4011 |   3623 |    388 |    252 |   1898 |   4 | 1002.8 |
     Snake Pit |   3313 |   2984 |    329 |    132 |   1045 |   4 |  828.2 |
    Slime Pits |    259 |    187 |     72 |      0 |      0 |   5 |   51.8 |
  Orcish Mines |   2861 |   1997 |    864 |      0 |   1017 |   2 | 1430.5 |
   Elven Halls |   3420 |   3101 |    319 |    199 |    998 |   3 | 1140.0 |
        Vaults |   6453 |   5967 |    486 |    285 |   2870 |   5 | 1290.6 |
        Depths |   5101 |   4473 |    628 |     53 |   2812 |   4 | 1275.2 |
           Zot |   6467 |   6173 |    294 |    436 |   1032 |   5 | 1293.4 |
         Abyss |    392 |    392 |      0 |      0 |      0 |   1 |  392.0 |
      Ice Cave |    253 |    253 |      0 |     32 |      0 |   1 |  253.0 |
               +--------+--------+--------+--------+--------+-----+--------+

Top non-repeatable levels by time:
   Orc:2: 2162 daAuts
   Zot:4: 1976 daAuts
  Lair:3: 1696 daAuts
  Lair:4: 1659 daAuts
    D:11: 1648 daAuts
   Zot:5: 1636 daAuts
  Lair:5: 1593 daAuts
Vaults:5: 1562 daAuts
 Snake:4: 1461 daAuts
Depths:2: 1457 daAuts
Vaults:3: 1423 daAuts
Depths:4: 1423 daAuts
Shoals:4: 1401 daAuts
    D:12: 1368 daAuts
   Elf:3: 1362 daAuts
